AoeStats
← Cobos SANTOS (Cabo)

Arabia

509706915Analyzed
1v1 RM · 5d ago on Sep 27, 2026· 41m 16s· 2 players
Game mode
Random Map
Map size
Tiny (2 player)
Population
200
Speed
Normal
Resources
Standard
Victory
Conquest
Starting age
Dark Age
Ending age
Imperial Age
RankedLock teamsTeams togetherTeam positionsShared explorationLock speedFull tech treeHidden civsTurbo modeCheats
Victory
Defeat
🇪🇨 Saracens · Ecuador
1254
+16
🇲🇽 Tatars · Mexico
1249
-16
Cobos SANTOS (Cabo)
7:09 Loom
9:39 Feudal Age
12:37 Horse Collar
14:40 Wheelbarrow
19:59 Castle Age
17:58 Double-Bit Axe
18:26 Gold Mining
19:39 Fletching
20:59 Bow Saw
20:52 Heavy Plow
23:59 Bodkin Arrow
25:16 Town Watch
37:58 Imperial Age
36:16 Padded Archer Armor
38:02 Leather Archer Armor
38:17 Masonry
38:30 Ballistics
37:53 Elite Skirmisher
38:38 Bracer
39:41 Chemistry
41:11 Conscription
41:47 Crop Rotation
carlobanchon
5:51 Loom
9:02 Feudal Age
9:40 Double-Bit Axe
19:33 Castle Age
17:49 Gold Mining
18:53 Fletching
19:09 Scale Barding Armor
19:51 Padded Archer Armor
19:45 Crossbowman
20:49 Bodkin Arrow
22:21 Ballistics
23:09 Gold Shaft Mining
25:22 Leather Archer Armor
25:16 Horse Collar
30:50 Wheelbarrow
30:00 Town Watch
34:18 Imperial Age
33:56 Thumb Ring
34:15 Bow Saw
35:12 Bracer
34:59 Arbalester
39:09 Chemistry
40:13 Light Cavalry
Connection lost

Rejoining the realm…

Still unreachable

The connection could not be restored.

Session expired

The server has moved on; the page needs a fresh start.